 Dungeon Crawl Stone Soup version 0.29.0-7-g18a832c13a (webtiles) character file.

Game seed: 2972990359933985023

291 sanka the Twirler (level 6, -11/46 HPs)
             Began as a Djinni Chaos Knight on Aug 30, 2022.
             Killed by divine providence
             ... invoked by an orc priest
              (15 damage)
             ... on level 3 of the Dungeon.
             The game lasted 00:03:49 (2090 turns).

sanka the Twirler (Djinni Chaos Knight)             Turns: 2090, Time: 00:03:49

Health: -11/46     AC:  7    Str: 11    XL:     6   Next: 58%
Gold:   139        EV: 12    Int: 15    God:
                   SH:  0    Dex: 13

rFire   + + +      SeeInvis +   k - +8 quarterstaff of the Magi {freeze, rF+ MP+9 SInv}
rCold   x . .      Faith    .   (shield currently unavailable)
rNeg    . . .      Spirit   .   b - +2 leather armour
rPois   ∞          Reflect  .   q - +1 helmet
rElec   .          Harm     .   (no cloak)
rCorr   .          Rampage  .   (no gloves)
Will    .....                   (boots unavailable)
Stlth   +.........              d - amulet of the acrobat
HPRegen 0.15/turn               (no ring)
MPRegen 0.00/turn               (no ring)

@: mighty, flying
A: sickness immunity, fire resistance 2, cold vulnerability 1, float, innate
caster, HP casting, extra vitality 1
a: no special abilities


You were on level 3 of the Dungeon.
You visited 1 branch of the dungeon, and saw 3 of its levels.

You collected 139 gold pieces.


Innate Abilities, Weirdness & Mutations

You are immune to sickness and miasma.
You are immune to poison.
Your flesh is very heat resistant. (rF++)
You are vulnerable to cold. (rC-)
You float through the air rather than walking.
You learn spells naturally, not from books.
Your magical power is your life essence.
You have superior vitality. (+4 MHP)


   Skills:
 - Level 3.0 Fighting
 - Level 3.5 Long Blades
 + Level 4.4 Staves
 - Level 1.0 Armour
 - Level 2.2 Dodging
 * Level 1.3 Spellcasting


You had 4 spell levels left.
You knew the following spells:

 Your Spells              Type           Power      Damage    Failure   Level
b - Blink                 Tloc           10%        N/A       26%         2
z - Slow                  Hex            20%        N/A       19%         1
Your spell library was empty.

Inventory:

Hand Weapons
 a - a +0 falchion of chaos
 k - the +8 quarterstaff of the Magi (weapon) {freeze, rF+ MP+9 SInv}

   It freezes those it strikes, dealing additional cold damage.
   It can also slow down cold-blooded creatures.
   rF:        It protects you from fire.
   MP:        It affects your magic capacity (+9).
   SInv:      It lets you see invisible.
Missiles
 p - a throwing net {=f}
Armour
 b - a +2 leather armour (worn)
 q - a +1 helmet (worn)
Jewellery
 d - an amulet of the acrobat (around neck)
Scrolls
 e - a scroll of noise {unknown}
 f - 2 scrolls of poison {unknown}
 g - a scroll of enchant armour {unknown}
 h - 6 scrolls of identify {unknown}
 j - 3 scrolls of fear {unknown}
 l - a scroll of brand weapon {unknown}
 m - a scroll of blinking {unknown}
 r - a scroll of vulnerability {unknown}
Potions
 i - a potion of might
 n - a potion of resistance {unknown}
 o - a potion of attraction {unknown}
Miscellaneous
 c - a piece from Xom's chessboard (15/15) (quivered)

Dungeon Overview and Level Annotations

Branches:
Dungeon (3/15)

Altars:

Shops:
D:1 [ D:3

![ .▒ ▒..▒▒
▒....†..▒▒▒..▒ ▒▒......
.▒▒
▒..>▒▒▒..▒.)......▒▒
▒▒▒▒▒▒▒
.▒▒.▒.........>)..<...▒
).......▒▒▒.▒▒........▒
............▒▒........▒
▒▒▒▒▒▒▒'..............▒
.......▒.▒..▒.........▒
'▒▒▒▒'.▒.▒............▒
▒....▒.▒.▒..▒▒..R.....▒
▒.▒▒.▒.▒.....▒..o.▒▒▒▒▒
▒.▒▒.▒.▒.......▒oo▒
▒....▒.▒.▒▒.......▒▒▒▒
'▒▒▒▒+.▒.▒▒o▒▒▒▒.....▒
.......▒ o.. ▒oo...▒
▒▒▒▒▒▒▒+..▒ ▒.....▒
...... .. ....._.▒
▒..... ▒..▒.....▒


You could see 2 orc priests and 5 orcs.


Message History

The boomerang misses you.
The orc priest mumbles some strange prayers to Beogh against you.
Beogh smites you!
* * * LOW HITPOINT WARNING * * *
You barely miss the orc. The orc hits you with a +0 club.
* * * LOW HITPOINT WARNING * * *
The orc priest looks satisfied for a moment.
The orc throws a boomerang.
The boomerang hits you.
* * * LOW HITPOINT WARNING * * *
The orc attacks as you move away! The orc completely misses you.
The orc throws a boomerang.
The boomerang closely misses you.
An orc comes into view. It is wielding a +0 whip.
The orc shouts!
You hear a shout!
The orc priest calls down the wrath of Beogh upon you.
Beogh smites you!
* * * LOW HITPOINT WARNING * * *
The orc attacks as you move away! The orc barely misses you.
The orc priest miscasts a cantrip.
It was a potion of might.
You feel very mighty all of a sudden.
An orc comes into view. It is wielding a +0 mace.
The orc priest calls down the wrath of Beogh upon you.
Beogh smites you!
You die...

Action                   |  1- 3 |  4- 6 || total
-------------------------+-------+-------++-------
Melee: Falchion          |    57 |       ||    57
       Quarterstaff      |     5 |    53 ||    58
Invok: Renounce Religion |     1 |       ||     1
  Use: Potion            |       |     1 ||     1
 Stab: Sleeping          |     2 |     1 ||     3
Armor: Leather armour    |    12 |     9 ||    21
Dodge: Dodged            |    45 |    49 ||    94

Levels and vault maps discovered:
D:1:      sevenhm_arrival_forest_fort_large_1, layout_loops_cross, serial_shops,
          nicolae_shop_stone
D:2:      layout_rooms, serial_bayou, serial_bayou_lagoon_a,
          serial_bayou_pond_a, serial_bayou_lake_a, serial_bayou_shore_b,
          nicolae_concentric_dashed_squares_mild, skrybe_limestone_x,
          bh_walls_and_bars, uniq_jessica, uniq_sigmund
D:3:      layout_rooms, serial_shops, shop, nicolae_shop_statue_plus, shop,
          shop_fountains, basic_ecumenical_altar, minivault_11, minivault_26,
          uniq_crazy_yiuf_cottage

Notes
Turn   | Place    | Note
-------+----------+-------------------------------------------
     0 | D:1      | sanka the Djinni Chaos Knight began the quest for the Orb.
     0 | D:1      | Reached XP level 1. HP: 20/20 MP: 0/0
     0 | D:1      | Fell from the grace of Xom
   220 | D:1      | XOM: summons 1 hostile shadow creature
   344 | D:1      | Reached skill level 3 in Long Blades
   414 | D:1      | Reached XP level 2. HP: 22/25 MP: 0/0
   817 | D:1      | Found Vucloino's Armour Shoppe.
  1146 | D:2      | Noticed Sigmund
  1218 | D:2      | Identified the +8 quarterstaff of the Magi {freeze, rF+
                  | MP+9 SInv}
  1262 | D:2      | Reached XP level 3. HP: 27/30 MP: 0/0
  1262 | D:2      | Learned a level 1 spell: Slow
  1265 | D:2      | Killed Sigmund
  1266 | D:2      | Reached skill level 4 in Staves
  1266 | D:2      | Reached XP level 4. HP: 32/35 MP: 0/0
  1266 | D:2      | Reached XP level 5. HP: 37/40 MP: 0/0
  1266 | D:2      | Learned a level 2 spell: Blink
  1354 | D:2      | Reached XP level 6. HP: 44/46 MP: 0/0
  1517 | D:2      | Noticed Jessica
  1524 | D:2      | Killed Jessica
  1734 | D:2      | XOM: stat loss: -1 Int (14/15)
  1803 | D:3      | XOM: confusion
  1824 | D:3      | Found Qubagu Gifi's Armour Shop.
  1850 | D:3      | Found Oboaxkuan's Distillery.
  1913 | D:3      | Reached skill level 1 in Spellcasting
  2078 | D:3      | Found a faded altar of an unknown god.
  2088 | D:3      | HP: 4/46 [orc priest/divine providence (15)]
  2090 | D:3      | Killed from afar by an orc priest

Vanquished Creatures
  Sigmund (D:2)
  Jessica (D:2)
  3 gnolls (D:3)
  2 adders
  An ufetubus (D:3)
  An orc (D:3)
  5 endoplasms
  5 giant cockroaches
  4 hobgoblins
  4 jackals (D:2)
  A quokka (D:3)
  9 ball pythons
  6 bats
  A frilled lizard (D:2)
  2 goblins
  4 kobolds
  5 rats
55 creatures vanquished.

Vanquished Creatures (others)
  40 plants (D:2)
40 creatures vanquished.

Grand Total: 95 creatures vanquished
